 Dungeon Crawl Stone Soup version 0.17.2-1-ge4368a0 (webtiles) character file.

7 tidbits the Insei (level 1, -1/15 HPs)
             Began as a Demigod Transmuter on Sept 21, 2017.
             Slain by Sigmund
             ... wielding a +0 scythe
              (10 damage)
             ... on level 2 of the Dungeon.
             The game lasted 00:01:26 (188 turns).

tidbits the Insei (Demigod Transmuter)               Turns: 188, Time: 00:01:26

Health: -1/15      AC:  2    Str: 18    XL:     1   Next: 73%
Magic:  4/5        EV: 12    Int: 19    God:
Gold:   24         SH:  0    Dex: 16    Spells: 1 memorised, 2 levels left

rFire  . . .     SeeInvis .     f - +0 spear (pierce)
rCold  . . .     Clarity  .     b - +0 robe
rNeg   . . .     SustAt   +     (no shield)
rPois  .         Gourm    .     (no helmet)
rElec  .         Spirit   .     (no cloak)
rCorr  .         Warding  .     (no gloves)
rMut   .         Stasis   .     (boots currently unavailable)
MR     .....                    (no amulet)
Stlth  +.........               (no ring)
                                i - +2 ring of intelligence

@: mighty, appendage, not resistant to hostile enchantments, very unstealthy
A: talons 3, high mp 1, sustain attributes
a: End Transformation


You were on level 2 of the Dungeon.
You were not hungry.
You had grown temporary talons.
You visited 1 branch of the dungeon, and saw 2 of its levels.

You collected 24 gold pieces.

Inventory:

Hand Weapons
 f - a +0 spear of piercing (weapon)
   (You found it on level 1 of the Dungeon)
Missiles
 a - 37 arrows
Armour
 b - a +0 robe (worn)
Jewellery
 i - a +2 ring of intelligence (left hand)
   (You found it on level 2 of the Dungeon)
Scrolls
 g - a scroll of magic mapping {unknown}
Books
 c - a book of Changes

   Spells                             Type                      Level
   a - Beastly Appendage              Transmutation                1
   b - Sticks to Snakes               Transmutation                2
   c - Spider Form                    Transmutation/Poison         3
   d - Ice Form                       Ice/Transmutation            4
   e - Blade Hands                    Transmutation                5
Comestibles
 d - a bread ration
 h - 2 chunks of flesh


   Skills:
 - Level 0.8 Fighting
 - Level 1.7 Dodging
 - Level 2.8 Unarmed Combat
 + Level 1.9 Spellcasting
 + Level 2.1 Transmutations


You had 2 spell levels left.
You knew the following spells:

 Your Spells              Type           Power        Failure   Level  Hunger
e - Beastly Appendage     Trmt           #.....       10%         1    #......


Dungeon Overview and Level Annotations

Branches:
Dungeon (2/15)

Annotations:
D:2 Sigmund


Innate Abilities, Weirdness & Mutations

You have an increased reservoir of magic (+10% MP).
Your attributes are resistant to harm.
You have claws for feet.


Message History

You climb upwards.
There is a stone staircase leading down here.
A hobgoblin comes into view.
The hobgoblin shouts!
Casting: Beastly Appendage
Confirm with . or Enter, or press ? or * to list all spells.
You grow a pair of large bovine horns.
Attack whom?
Press: ? - help, Dir - move target cursor, f - hobgoblin
Aim: a hobgoblin You reach to attack!
You hit the hobgoblin but do no damage. You hit the hobgoblin.
You kill the hobgoblin!
Your Transmutations skill increases to level 2!
A rat comes into view.
You see here 25 arrows.
a - 37 arrows (gained 25)
Your transformation is almost over.
Attack whom?
Press: ? - help, Dir - move target cursor, f - rat
Aim: a rat You hit the rat.
The rat is severely wounded.
The rat bites you but does no damage.
You hit the rat.
You kill the rat!
Found 12 gold pieces.
Your horns disappear.
You now have 24 gold pieces (gained 12).
A giant gecko comes into view.
Attack whom?
Press: ? - help, Dir - move target cursor, f - giant gecko
Aim: a giant gecko (clinging, hasn't noticed you)
You reach to attack!
You closely miss the giant gecko. The giant gecko bites you.
Casting: Beastly Appendage
Confirm with . or Enter, or press ? or * to list all spells.
You miscast Beastly Appendage.
You are very lightly contaminated with residual magic.
Your hair momentarily turns into snakes!
The giant gecko bites you.
Attack whom?
Press: ? - help, Dir - move target cursor, f/p - giant gecko
Aim: a giant gecko You barely miss the giant gecko.
The giant gecko barely misses you.
Attack whom?
Press: ? - help, Dir - move target cursor, f/p - giant gecko
Aim: a giant gecko You closely miss the giant gecko.
The giant gecko closely misses you.
Casting: Beastly Appendage
Confirm with . or Enter, or press ? or * to list all spells.
You grow a pair of large bovine horns.
The giant gecko completely misses you. The giant gecko bites you.
Attack whom?
Press: ? - help, Dir - move target cursor, f/p - giant gecko
Aim: a giant gecko You barely miss the giant gecko.
The giant gecko closely misses you.
Attack whom?
Press: ? - help, Dir - move target cursor, f/p - giant gecko
Aim: a giant gecko You hit the giant gecko.
The giant gecko is severely wounded.
The giant gecko bites you.
Attack whom?
Press: ? - help, Dir - move target cursor, f/p - giant gecko
Aim: a giant gecko (severely wounded)
You hit the giant gecko.
You kill the giant gecko!
You see here a giant gecko corpse.
You butcher the giant gecko corpse.
h - 2 chunks of flesh Your transformation is almost over.
There is a stone staircase leading down here.
You climb downwards.
There is a stone staircase leading up here.
Found a small golden ring and 5 arrows of dispersal.
i - a small golden ring Your magical contamination has completely faded away.
Put on which piece of jewellery? (? for menu, Esc to quit)
You feel clever.
i - a +2 ring of intelligence (left hand)
Your horns disappear.
Sigmund the Dreaded comes into view.
He is wielding a scythe.
Drink which item? (? for menu, Esc to quit)
It was a potion of might.
You feel very mighty all of a sudden.
Casting: Beastly Appendage
Confirm with . or Enter, or press ? or * to list all spells.
Your feet morph into talons.
Sigmund shouts!
Found 13 stones.
Sigmund barely misses you.
Attack whom?
Press: ? - help, Dir - move target cursor, f - Sigmund
Aim: Sigmund, wielding a scythe and wearing a robe You reach to attack!
You puncture Sigmund!
Sigmund is heavily wounded.
Sigmund hits you from afar with a scythe!
Ouch! That really hurt!
You die...

.. #.# #.## #..
###.# # # #..(##
.#
....###....##.#..
.....@.@._.......
....#.##....###(
# #. ##...#
#.###.### #.....#
#####.## #.<#
#.....>.#
###.##...


You could see Sigmund.

Vanquished Creatures
  A goblin (D:1)
  3 hobgoblins (D:1)
  A giant gecko (D:1)
  2 rats (D:1)
7 creatures vanquished.

Notes
Turn   | Place    | Note
--------------------------------------------------------------
     0 | D:1      | tidbits the Demigod Transmuter began the quest for the Orb.
     0 | D:1      | Reached XP level 1. HP: 15/15 MP: 5/5
   121 | D:2      | Found an iron altar of Okawaru.
   133 | D:1      | Reached skill level 2 in Transmutations
   183 | D:2      | Noticed Sigmund
   188 | D:2      | Slain by Sigmund

Action                   || total
-------------------------++-------
Melee: Spear             ||    15
       Unarmed           ||     2
 Cast: Beastly Appendage ||     5
  Use: Potion            ||     1
 Stab: Sleeping          ||     1

Table legend:
 A = Turns spent in this place as a percentage of turns spent in the entire game.
 B = Non-inter-level travel turns spent in this place as a percentage of non-inter-level travel turns spent in the entire game.
 C = Inter-level travel turns spent in this place as a percentage of turns spent in this place.
 D = Turns resting spent in this place as a percentage of non-inter-level travel turns spent in this place.
 E = Turns spent auto-exploring this place as a percentage of non-inter-level travel turns spent in this place.
 F = Non-inter-level travel turns spent in this place divided by the number of levels of this place that you've seen.
                   A       B       C       D       E      F
               +-------+-------+-------+-------+-------+----------------------
         Total | 100.0 | 100.0 |   0.0 |   0.0 |   0.0 |  80.5
       Dungeon | 100.0 | 100.0 |   0.0 |   0.0 |   0.0 |  80.5
               +-------+-------+-------+-------+-------+----------------------

Table legend:
 A = Kills in this place as a percentage of kills in entire the game.
 B = Kills by you in this place as a percentage of kills by you in the entire game.
 C = Kills by friends in this place as a percentage of kills by friends in the entire game.
 D = Other kills in this place as a percentage of other kills in the entire game.
 E = Experience gained in this place as a percentage of experience gained in the entire game.
 F = Experience gained in this place divided by the number of levels of this place that you have seen.
                   A       B       C       D       E      F
               +-------+-------+-------+-------+-------+----------------------
         Total | 100.0 | 100.0 |  -nan |  -nan | 100.0 |   5.5
       Dungeon | 100.0 | 100.0 |  -nan |  -nan | 100.0 |   5.5
               +-------+-------+-------+-------+-------+----------------------

Vault maps used:
D:1:      minmay_arrival_solitary_statue
D:2:      nicolae_overflow_hidden_temple, nicolae_overflow_crystal_walls,
          uniq_iyjb, uniq_sigmund, uniq_crazy_yiuf_cottage
